 Dungeon Crawl Stone Soup version 0.31-a0-868-g674d60d6f7 (webtiles) character file.

Game seed: 1624381906169030799

0 IdlyInterested the Vexing (level 1, 0/13 HPs)
             Began as a Demonspawn Wanderer on Oct 11, 2023.
             Slain by a hobgoblin (4 damage)
             ... on level 1 of the Dungeon.
             The game lasted 00:00:47 (22 turns).

IdlyInterested the Vexing (Demonspawn Wanderer)       Turns: 22, Time: 00:00:48

Health: 0/13       AC:  2    Str: 10    XL:     1   Next: 8%
Magic:  2/2        EV: 10    Int: 14    God:
Gold:   8          SH:  4    Dex: 13    Spells: 2/2 levels left

rFire   . . .        a - +0 dagger
rCold   . . .        d - +0 buckler
rNeg    . . .        c - +0 robe
rPois   .            (no helmet)
rElec   .            (no cloak)
rCorr   .            (no gloves)
SInv    .            (no boots)
Will    .....        (no amulet)
Stlth   ++           (no ring)
HPRegen 0.22/turn    (no ring)
MPRegen 0.08/turn

%: no passive effects
@: no status effects
A: no striking features
a: no special abilities


You were on level 1 of the Dungeon.
You visited 1 branch of the dungeon, and saw 1 of its levels.

You collected 8 gold pieces.

Inventory:

Hand Weapons
 a - a +0 dagger (weapon)
Armour
 c - a +0 robe (worn)
 d - a +0 buckler (worn)
Potions
 b - a potion of attraction


   Skills:
 * Level 0.1 Fighting
 - Level 1.0 Throwing
 - Level 1.0 Armour
 + Level 0.0 Dodging
 - Level 1.0 Stealth
 - Level 1.0 Shields
 - Level 1.0 Spellcasting
 - Level 2.0 Conjurations
 - Level 3.0 Hexes


You had 2 spell levels left.
You didn't know any spells.
Your spell library contained the following spells:

 Spells                   Type           Power      Damage    Failure   Level
 Slow                     Hex            36%        N/A       12%         1
 Magic Dart               Conj           24%        1d4       17%         1
 Jinxbite                 Hex            18%        N/A       17%         2
 Inner Flame              Hex/Fire       4%         N/A       54%         3
 Hailstorm                Conj/Ice       3%         3d3       61%         3


Dungeon Overview and Level Annotations

Branches:
Dungeon (1/15)

Altars:


Message History

The ball python hisses angrily.
The ball python completely misses you. The ball python barely misses you.
The ball python bites you but does no damage.
The ball python closely misses you.
You closely miss the hobgoblin. The ball python bites you.
The ball python misses you. The hobgoblin misses you.
The ball python closely misses you. The ball python grabs you.
The ball python constricts you.
You escape the ball python's grasp.
You completely miss the ball python. The ball python bites you.
You block the ball python's attack.
You hit the ball python but do no damage.
The ball python barely misses you. You block the ball python's attack.
The ball python bites you but does no damage.
The ball python closely misses you.
You hit the ball python.
The ball python is moderately wounded.
The ball python barely misses you. The ball python grabs you.
The ball python constricts you.
You barely miss the ball python.
The ball python is moderately wounded.
The ball python bites you. The ball python constricts you.
You hit the ball python.
The ball python is severely wounded.
The ball python bites you but does no damage.
The ball python constricts you.
You barely miss the ball python.
The ball python is severely wounded.
You block the ball python's attack. The ball python constricts you.
The ball python barely misses you. The ball python constricts you.
You hit the ball python.
You kill the ball python!
Okay, then.
You don't know any spells.
You barely miss the hobgoblin. The hobgoblin hits you.
* * * LOW HITPOINT WARNING * * *
You hit the hobgoblin.
The hobgoblin is moderately wounded.
The hobgoblin hits you.
You die...

##. ####...<...#
#...
....#.....#....
.....##.#...#.# . #
..##..#.#.#.#..
#..#...#.#.#.#.#...
#.....#..#.#.#..#..
#....#..#..#.. ..#.
#..g#..#..#...#
#.[....#@..#... ...
...........#....
##..............
###............
##.########## #. #.


You could see a hobgoblin.

Vanquished Creatures
  A ball python (D:1)
1 creature vanquished.

Notes
Turn   | Place    | Note
-------+----------+-------------------------------------------
     0 | D:1      | IdlyInterested the Demonspawn Wanderer began the quest for
                  | the Orb.
     0 | D:1      | IdlyInterested set off with the following items: a +0
                  | dagger, a potion of attraction, a +0 robe, a +0 buckler;
                  | and the following spells available to memorise: Slow, Magic
                  | Dart, Jinxbite, Inner Flame, Hailstorm.
     0 | D:1      | Reached XP level 1. HP: 13/13 MP: 2/2
    22 | D:1      | Slain by a hobgoblin

Illustrated notes

Levels and vault maps discovered:
D:1:      minmay_arrival_radiant_lines, layout_basic

Action                     || total
---------------------------++-------
  Melee: Dagger            ||    10
 Armour: Robe              ||     8
  Dodge: Dodged            ||    10
  Block: Buckler           ||     3

Table legend: (Time is in decaauts)
 A = Elapsed time spent in this place.
 B = Non-inter-level travel time spent in this place.
 C = Inter-level travel time spent in this place.
 D = Time resting spent in this place.
 E = Time spent auto-exploring this place.
 F = Levels seen in this place.
 G = Mean time per level.
                   A        B        C        D        E       F      G
               +--------+--------+--------+--------+--------+-----+--------+
         Total |     22 |     22 |      0 |      0 |      8 |   1 |   22.0 |
       Dungeon |     22 |     22 |      0 |      0 |      8 |   1 |   22.0 |
               +--------+--------+--------+--------+--------+-----+--------+

Top non-repeatable levels by time:
     D:1: 22 daAuts
